 Dungeon Crawl Stone Soup version 0.22-a0-223-g0f5d773 (webtiles) character file.

425 pokedragonboy the Covered (level 6, -13/39 HPs)
             Began as a Gargoyle Fighter on Feb 18, 2018.
             Killed by divine providence
             ... invoked by an orc priest
              (16 damage)
             ... on level 3 of the Dungeon.
             The game lasted 00:04:45 (3013 turns).

pokedragonboy the Covered (Gargoyle Fighter)        Turns: 3013, Time: 00:04:46

Health: -13/39     AC: 11    Str: 21    XL:     6   Next: 96%
Magic:  6/6        EV:  7    Int:  9    God:
Gold:   76         SH:  9    Dex:  9    Spells: 5/5 levels left

rFire    . . .     SeeInvis .   a - +0 war axe
rCold    . . .     Gourm    .   c - +0 shield
rNeg     + . .     Faith    .   p - +0 scale mail
rPois    ∞         Spirit   .   (no helmet)
rElec    +         Reflect  .   (no cloak)
rCorr    .         Harm     .   (no gloves)
MR       .....                  (no boots)
Stlth    ..........             (no amulet)
HPRegen  0.13/turn              (no ring)
MPRegen  0.10/turn              (no ring)

@: no status effects
A: negative energy resistance 1, electricity resistance, unbreathing,
petrification resistance, rot immunity, AC +4
a: no special abilities


You were on level 3 of the Dungeon.
You were not hungry.

You visited 1 branch of the dungeon, and saw 3 of its levels.

You collected 76 gold pieces.

Inventory:

Hand Weapons
 a - a +0 war axe (weapon)
 b - a +2 flail of crushing
Armour
 c - a +0 shield (worn)
 p - a +0 scale mail (worn)
Jewellery
 e - an uncursed ring of protection from cold {unknown}
 g - an uncursed amulet of faith {unknown}
 k - an uncursed ring of fire {unknown}
 t - an uncursed ring of flight {unknown}
Scrolls
 h - a scroll of immolation {unknown}
 i - 2 scrolls of fear
 j - a scroll of blinking {unknown}
 l - a scroll of teleportation {unknown}
 m - a scroll of magic mapping
 n - a scroll of noise {unknown}
 o - a scroll of remove curse {unknown}
 s - a scroll of identify {unknown}
Potions
 q - 2 potions of cancellation
 r - 2 potions of mutation {unknown}
Comestibles
 d - 6 chunks of flesh
 f - 7 rations


   Skills:
 + Level 4.7 Fighting
 * Level 4.3 Axes
 * Level 5.6 Armour
 - Level 3.6 Shields


You had 5 spell levels left.
You didn't know any spells.

Dungeon Overview and Level Annotations

Branches:
Dungeon (3/15)

Altars:

Annotations:
D:3 2 transporters


Innate Abilities, Weirdness & Mutations

You are resistant to torment.
Your stone body is resilient. (AC +4)
You are immune to poison.
You resist negative energy. (rN+)
You are resistant to electric shocks. (rElec)
You can survive without breathing.
You are immune to petrification.
You are immune to rotting.


Message History

You kill the orc!
You hit the orc.
The orc is lightly wounded.
The orc hits you but does no damage.
You slash the orc!
You kill the orc!
You completely miss the goblin. The goblin completely misses you.
The goblin hits you but does no damage.
You miss the goblin. The goblin misses you.
You miss the goblin. You block the goblin's attack.
You closely miss the goblin. The goblin barely misses you.
The orc priest invokes the aid of Beogh against you.
Beogh smites you!
* * * LOW HITPOINT WARNING * * *
You block the goblin's attack.
It was a potion of cancellation.
You feel magically purged. The goblin completely misses you.
The orc priest invokes the aid of Beogh against you.
Beogh smites you!
You die...

.. .. ## .# ####### #.
.# #.....# #. ##o#
#.....## #. #..
#......# #. #o#
#......####. ####g####
#...........
#....@..###.####.###..
#.##.##.#.........##..
# #.##.#.#######.##..
#....#.# #.##..
#.#####...# #.##..
#.......#.# #.....
#########.# #.#### #.#
#.# #.#######.#


You could see an orc priest and a goblin.

Vanquished Creatures
  Grinder (D:3)
  2 orc wizards (D:3)
  7 gnolls
  An adder (D:2)
  5 dart slugs
  3 leopard geckos
  9 orcs (D:3)
  10 bats
  2 giant cockroaches (D:1)
  14 goblins
  7 hobgoblins
  10 jackals (D:2)
  A quokka (D:2)
  A ball python (D:1)
  7 kobolds
  6 rats
86 creatures vanquished.

Notes
Turn   | Place    | Note
-------+----------+-------------------------------------------
     0 | D:1      | pokedragonboy the Gargoyle Fighter began the quest for the Orb.
     0 | D:1      | Reached XP level 1. HP: 14/14 MP: 1/1
   234 | D:1      | Reached XP level 2. HP: 19/19 MP: 2/2
   641 | D:1      | Reached XP level 3. HP: 23/23 MP: 3/3
  1491 | D:1      | Reached XP level 4. HP: 24/29 MP: 4/4
  1492 | D:1      | Reached skill level 4 in Armour
  2033 | D:2      | Reached XP level 5. HP: 33/33 MP: 5/5
  2291 | D:3      | Found a transporter.
  2402 | D:3      | Found a transporter.
  2670 | D:3      | Reached XP level 6. HP: 38/38 MP: 6/6
  2671 | D:3      | Noticed Grinder
  2688 | D:3      | Killed Grinder
  2688 | D:3      | Reached skill level 5 in Armour
  3013 | D:3      | Killed from afar by an orc priest

Vault maps used:
D:1:      dpeg_arrival_morbid_curiosity, minmay_misc_feat_nine_boxes
D:3:      gammafunk_wand_slinger, nicolae_overflow_crystal_walls,
          dk_noncrumbling_2, st_stairs_13, uniq_natasha, uniq_grinder

Skill      XL: |  1  2  3  4  5  6 |
---------------+-------------------+-----
Axes           | 2 3 4 |  4.3
Armour         | 4 5 |  5.6
Fighting       | 4 |  4.7
Shields        | |  3.6

Action                   |  1- 3 |  4- 6 || total
-------------------------+-------+-------++-------
Melee: War axe           |   115 |   185 ||   300
  Use: Scroll            |     2 |       ||     2
       Potion            |     1 |     3 ||     4
  Eat: Chunk             |     2 |     5 ||     7
Armor: Scale mail        |    68 |   121 ||   189
Dodge: Dodged            |    42 |    63 ||   105
Block: Shield            |    69 |   118 ||   187

Table legend:
 A = Spawn XP
 B = Non-spawn XP
 C = Spawn XP percentage of total XP
 D = Spawn monster count
 E = Non-spawn monster count
 F = Spawn count percentage of total count
 G = Total turns spent on level
                    A         B        C        D         E        F      G
               +---------+---------+-------+---------+---------+-------+---------
         Total |       0 |     608 |   0.0 |       0 |      86 |   0.0 |  3013
               +---------+---------+-------+---------+---------+-------+---------
           D:1 |       0 |      77 |   0.0 |       0 |      29 |   0.0 |  1338
           D:2 |       0 |      91 |   0.0 |       0 |      34 |   0.0 |   925
           D:3 |       0 |     440 |   0.0 |       0 |      23 |   0.0 |   750
               +---------+---------+-------+---------+---------+-------+---------
